[Event "The Kvibergspelen 2023"]
[Site "Kviberg Park Hotel & Conference, Krutvagen 2, Gothenburg, Sweden"]
[Date "2023.09.16"]
[Round "6.7"]
[White "Reimanis, Ritvars"]
[Black "Jogstad, Daniel"]
[Result "1/2-1/2"]
[TimeControl "15 minutes + 5 seconds per move from move one (Round 1 - 4) / 90 minutes + 30 seconds per move from move one (Round 5 - 8)"]
[WhiteTitle "IM"]
[BlackTitle "CM"]
[WhiteFideId "11602988"]
[BlackFideId "1718959"]
[WhiteElo "2361"]
[BlackElo "2137"]

1. d4 d5 2. Nf3 Nf6 3. c4 c6 4. Nc3 e6 5. Bg5 Nbd7 6. e3 Qa5 7. cxd5 Nxd5 8. Rc1 Nxc3 9. bxc3 Ba3 10.
Rc2 b6 11. Be2 Ba6 12. O-O Bxe2 13. Qxe2 O-O 14. e4 Rfe8 15. e5 Bf8 16. Rd1 Rac8 17. c4 h6 18. Bh4 Qa4 19. Rc3 c5 20.
d5 exd5 21. Rxd5 Nb8 22. Re3 Re6 23. Ne1 Nc6 24. f4 Nd4 25. Qd3 Qxa2 26. Rd7 Rce8 27. Nf3 Nxf3+ 28. Rxf3 b5 29. cxb5 c4 30.
Qd5 a6 31. bxa6 Qxa6 32. Be1 Qc6 33. Bc3 Rb8 34. Qxc6 Rxc6 35. Kf2 Bb4 1/2-1/2

[Event "The Kvibergspelen 2023"]
[Site "Kviberg Park Hotel & Conference, Krutvagen 2, Gothenburg, Sweden"]
[Date "2023.09.16"]
[Round "6.8"]
[White "Joensson, Oscar"]
[Black "Jacobsen, Mikkel Manosri"]
[Result "0-1"]
[TimeControl "15 minutes + 5 seconds per move from move one (Round 1 - 4) / 90 minutes + 30 seconds per move from move one (Round 5 - 8)"]
[BlackTitle "FM"]
[WhiteFideId "1729977"]
[BlackFideId "1444514"]
[WhiteElo "2060"]
[BlackElo "2313"]

1. d4 d5 2. c4 e6 3. Nf3 a6 4. g3 dxc4 5. Bg2 Nc6 6. O-O Rb8 7. e4 Be7 8. d5 exd5 9. exd5 Nb4 10.
Ne5 Nf6 11. Nc3 Bf5 12. a3 Nd3 13. Nxc4 Nxc1 14. Rxc1 O-O 15. Qd4 Ne8 16. Ne4 Nd6 17. Ncxd6 cxd6 18. Rc4 Bd7 19. Rfc1 f5 20.
Nd2 Bf6 21. Qa7 Bxb2 22. Rb1 b5 23. Rc2 Bxa3 24. Qxa6 Ra8 25. Qb7 Bc5 26. Nb3 Ra7 27. Nxc5 Rxb7 28. Nxb7 Qb6 29. Rbc1 Rb8 30.
Rc6 Qxb7 31. Rc7 Qb6 32. Rxd7 b4 33. Rcc7 Qd4 34. Bh3 b3 35. Bxf5 Qd1+ 0-1

[Event "The Kvibergspelen 2023"]
[Site "Kviberg Park Hotel & Conference, Krutvagen 2, Gothenburg, Sweden"]
[Date "2023.09.16"]
[Round "6.9"]
[White "Poley, Vladimir"]
[Black "Stenman, Christoffer"]
[Result "1-0"]
[TimeControl "15 minutes + 5 seconds per move from move one (Round 1 - 4) / 90 minutes + 30 seconds per move from move one (Round 5 - 8)"]
[WhiteTitle "IM"]
[WhiteFideId "13500090"]
[BlackFideId "1713604"]
[WhiteElo "2284"]
[BlackElo "1896"]

1. b4 c6 2. e3 Nf6 3. Nf3 d5 4. Bb2 Bg4 5. h3 Bxf3 6. Qxf3 Nbd7 7. c4 e6 8. b5 Be7 9. Be2 O-O 10.
O-O cxb5 11. cxd5 Nxd5 12. e4 Nb4 13. a3 Nc6 14. Bxb5 Qb6 15. Nc3 Nd4 16. Qg3 Nf6 17. e5 Qxb5 18. Nxb5 Ne2+ 19. Kh2 Nxg3 20. fxg3 Ne4 21. d3 Nc5 22.
Rf3 Na4 23. Bc1 a6 24. Nd4 Rac8 25. Bd2 Rfd8 26. Nb3 Rc2 27. Raf1 Rf8 28. Bb4 Bxb4 29. axb4 Rb2 30. Nd4 f5 31.
Nxe6 Re8 32. Rxf5 h6 33. Rf8+ Rxf8 34. Rxf8+ Kh7 35. Rb8 Re2 36. Nf8+ Kg8 37. e6 1-0

[Event "The Kvibergspelen 2023"]
[Site "Kviberg Park Hotel & Conference, Krutvagen 2, Gothenburg, Sweden"]
[Date "2023.09.16"]
[Round "6.10"]
[White "Tripathi, Pratyush"]
[Black "Falkevall, Axel"]
[Result "1/2-1/2"]
[TimeControl "15 minutes + 5 seconds per move from move one (Round 1 - 4) / 90 minutes + 30 seconds per move from move one (Round 5 - 8)"]
[BlackTitle "FM"]
[WhiteFideId "1763121"]
[BlackFideId "1735560"]
[WhiteElo "1735"]
[BlackElo "2276"]

1. d4 Nf6 2. c4 g6 3. Nc3 Bg7 4. e4 d6 5. Nf3 O-O 6. Be2 Nbd7 7. O-O e5 8. Be3 Qe7 9. Re1 c6 10. Qc2 h6 11. h3 exd4 12.
Nxd4 Re8 13. Bf3 Ne5 14. Be2 Ned7 15. Bf3 Nc5 16. Bf4 Nfd7 17. Qd2 Ne5 18. Be2 Kh7 19. Rad1 a5 20. Be3 Ned7 21.
Bf3 Qh4 22. Nb3 Ne6 23. Qxd6 Ne5 24. Be2 Rd8 25. Qa3 Rxd1 26. Rxd1 Ng5 27. Nd2 Be6 28. Qa4 Rd8 29. Qxa5 Rd7 30.
Qa4 Nd3 31. Qc2 Nxf2 32. Bxf2 Nxh3+ 33. gxh3 Bd4 34. Bxd4 Qg3+ 35. Kh1 Qxh3+ 36. Kg1 1/2-1/2

[Event "The Kvibergspelen 2023"]
[Site "Kviberg Park Hotel & Conference, Krutvagen 2, Gothenburg, Sweden"]
[Date "2023.09.16"]
[Round "6.11"]
[White "Hansen, Sune Berg"]
[Black "Ollen, Martin"]
[Result "1/2-1/2"]
[TimeControl "15 minutes + 5 seconds per move from move one (Round 1 - 4) / 90 minutes + 30 seconds per move from move one (Round 5 - 8)"]
[WhiteTitle "GM"]
[WhiteFideId "1400266"]
[BlackFideId "1718983"]
[WhiteElo "2512"]
[BlackElo "2143"]

1. d4 Nf6 2. Nf3 g6 3. g3 Bg7 4. Bg2 O-O 5. O-O d5 6. a4 c5 7. dxc5 Na6 8. Nc3 Nxc5 9. Be3 Nce4 10.
Bd4 Bf5 11. a5 Nxc3 12. Bxc3 Rc8 13. Qd4 a6 14. Qb4 Qd7 15. Rac1 Rc7 16. Ne5 Qc8 17. Nd3 Bh3 18. Be5 Bxg2 19.
Kxg2 Rc4 20. Qxe7 Re8 21. Qa3 Rxc2 22. Rxc2 Qxc2 23. Rc1 Qxe2 24. Bxf6 Qe4+ 25. Kg1 Bxf6 26. Re1 Qxe1+ 27. Nxe1 Rxe1+ 28. Kg2 Re2 29. Qf3 Re6 30. b3 Rd6 31. Qf4 Be7 32. Qe5 Bf8 33. Qd4 f6 34. Kf1 Kf7 35. Qa7 Rd7 36. Ke2 d4 37.
Kd3 Be7 38. Qb8 Bd8 39. Qc8 Ke7 40. Qc5+ Kf7 41. b4 Ke8 42. Qc4 Kf8 43. Qe6 Rc7 44. Qd6+ Ke8 45. Qd5 Rf7 46. Qe6+ Kf8 47.
Kxd4 f5 48. Qd6+ Be7 49. Qb8+ Kg7 50. Kc4 Bf6 51. f4 Re7 52. Qc8 h5 53. Kd5 Rf7 54. h3 Re7 55. Kd6 Rf7 56. Kd5 Re7 57.
g4 hxg4 58. hxg4 fxg4 59. Qxg4 Kf7 60. Kd6 Bg7 61. Qf3 Bf8 62. Kd5 Bg7 63. Qh3 Bf6 64. Kd6 Bg7 65. f5 Be5+ 66. Kd5 gxf5 67.
Qxf5+ Bf6 68. Kd6 Kg7 69. b5 axb5 70. Qxb5 Kf7 71. Qf5 Kg7 72. Qh5 Kf8 73. Qg6 Be5+ 74. Kc5 Bg7 75. Kb6 Bd4+ 76.
Kb5 Bg7 77. Qg4 Kf7 78. Kb6 Bf6 79. Ka7 Bg7 80. Qh5 Kf8 81. Qf5+ Kg8 82. Kb8 Rf7 83. Qe6 Bf6 84. Kc8 Kg7 85.
Qg4+ Kf8 86. Qg6 Bg7 87. Qd6 Kg8 88. Kd8 Rf8+ 89. Kd7 Rf7+ 90. Kc8 Bf6 91. Qe6 Kf8 92. Qg4 Bg7 93. Qb4 Kg8 94.
Kd8 Rf8+ 95. Kd7 Rf7+ 96. Ke6 Rf6+ 97. Kd5 Rf5+ 98. Ke4 Rf7 99. Qd2 Re7+ 100. Kf5 Re5+ 101. Kg4 Re4+ 102. Kf3 Re7 103.
Qd5+ Kf8 104. Kf4 Bf6 105. Kg4 Rg7+ 106. Kf4 Re7 107. Qc5 Kf7 108. Qb4 Kg6 109. Kg4 Kg7 110. Qb5 Kg6 111.
Qd5 Rf7 112. Qf5+ Kh6 113. Qe4 Re7 114. Qd5 Kg6 115. Qg8+ Bg7 116. Qc4 Bf6 117. Qd3+ Kg7 118. Qd6 Kg6 119. Qd5 Rf7 120.
Qh5+ Kg7 121. Kf5 1/2-1/2

[Event "The Kvibergspelen 2023"]
[Site "Kviberg Park Hotel & Conference, Krutvagen 2, Gothenburg, Sweden"]
[Date "2023.09.16"]
[Round "6.12"]
[White "Thorn, Eric"]
[Black "Dingertz, Erik"]
[Result "1-0"]
[TimeControl "15 minutes + 5 seconds per move from move one (Round 1 - 4) / 90 minutes + 30 seconds per move from move one (Round 5 - 8)"]
[WhiteTitle "FM"]
[WhiteFideId "1710729"]
[BlackFideId "1741578"]
[WhiteElo "2390"]
[BlackElo "2140"]

1. c4 e5 2. Nc3 Nf6 3. Nf3 Nc6 4. e4 Bc5 5. Nxe5 Nxe5 6. d4 Bb4 7. dxe5 Nxe4 8. Qf3 Nxc3 9. bxc3 Be7 10.
Qg3 g6 11. h4 d5 12. Bb2 Be6 13. O-O-O c6 14. cxd5 cxd5 15. Bb5+ Kf8 16. h5 g5 17. Rd4 h6 18. Rhd1 Rc8 19.
Bc4 Rxc4 20. Rxc4 Qa5 21. Rcd4 Qxa2 22. Qd3 Kg7 23. Qb1 Qa6 24. Qa1 Qe2 25. R4d2 Qc4 26. Rd4 Qe2 27. R4d2 Qc4 28.
Ba3 Bxa3+ 29. Qxa3 Rc8 30. Rd3 Rc6 31. Rd4 Qe2 32. Qb2 Qxe5 33. Qd2 Ra6 34. Rb4 Ra1+ 35. Kb2 Rxd1 36. Qxd1 b6 37.
g3 g4 38. Qd4 Kf6 39. Ra4 Qxd4 40. cxd4 a5 41. Ra3 Kf5 42. Re3 f6 43. Rb3 Bf7 44. Rxb6 Bxh5 45. Kc3 Be8 46. Rd6 Bf7 47.
Kd3 a4 48. Ke3 h5 49. Rd8 Kg5 50. Ra8 Bg6 51. Rxa4 Be4 52. Ra8 Bf3 53. Rg8+ Kf5 54. Rh8 Kg5 55. Rg8+ Kf5 56. Rh8 Kg5 57.
Kd2 f5 58. Ke3 Be4 59. Rg8+ Kf6 60. Kf4 Bd3 61. Rg5 1-0

[Event "The Kvibergspelen 2023"]
[Site "Kviberg Park Hotel & Conference, Krutvagen 2, Gothenburg, Sweden"]
[Date "2023.09.16"]
[Round "6.13"]
[White "Kallen, Jonas"]
[Black "Nygren, Kim"]
[Result "0-1"]
[TimeControl "15 minutes + 5 seconds per move from move one (Round 1 - 4) / 90 minutes + 30 seconds per move from move one (Round 5 - 8)"]
[BlackTitle "CM"]
[WhiteFideId "1712896"]
[BlackFideId "1706136"]
[WhiteElo "2020"]
[BlackElo "2171"]

1. e4 e5 2. Nf3 Nc6 3. Bc4 Nf6 4. d3 Bc5 5. Nc3 h6 6. h3 d6 7. Na4 Bb6 8. Nxb6 axb6 9. a3 O-O 10.
O-O Be6 11. Bxe6 fxe6 12. Qe2 Qe8 13. c3 Qh5 14. Re1 g5 15. Nh2 Qg6 16. Bd2 Rf7 17. Rad1 Raf8 18. f3 h5 19. Rf1 Ne7 20.
d4 Nd7 21. Bc1 Qf6 22. dxe5 Qxe5 23. Qe3 Rg7 24. Qd4 Qb5 25. h4 Nc6 26. Qd3 Qxd3 27. Rxd3 Nce5 28. Rdd1 g4 29. fxg4 Rxf1+ 30. Rxf1 Nxg4 31. Bg5 Nxh2 32. Kxh2 Ne5 33. Kg1 Nc4 34. Rf2 Rf7 35. Bc1 Ne5 36. Rxf7 Kxf7 37. b3 b5 38. Kf1 Nd7 39.
Be3 Nf6 40. e5 Ng4 41. Bf4 dxe5 42. Bg5 Kg6 43. Ke2 Kf5 44. Kf3 c6 45. Bd8 e4+ 46. Kg3 Ne3 47. Bg5 Nd5 48. Bd2 e3 49.
Be1 Ke4 50. Kh3 Nf4+ 51. Kh2 Nd3 0-1

[Event "The Kvibergspelen 2023"]
[Site "Kviberg Park Hotel & Conference, Krutvagen 2, Gothenburg, Sweden"]
[Date "2023.09.16"]
[Round "6.14"]
[White "Frisk, Ellinor"]
[Black "Lundstedt, Peter"]
[Result "1/2-1/2"]
[TimeControl "15 minutes + 5 seconds per move from move one (Round 1 - 4) / 90 minutes + 30 seconds per move from move one (Round 5 - 8)"]
[WhiteTitle "WIM"]
[WhiteFideId "1708481"]
[BlackFideId "1718444"]
[WhiteElo "2166"]
[BlackElo "2099"]

1. c4 e6 2. g3 d5 3. Bg2 Nf6 4. Nf3 Be7 5. O-O O-O 6. d4 dxc4 7. Qa4 a6 8. Qxc4 b5 9. Qc2 Bb7 10. Bd2 Be4 11. Qc1 Qc8 12.
Bg5 Nbd7 13. Nbd2 Bb7 14. Ne5 Bxg2 15. Kxg2 Nxe5 16. dxe5 Nd5 17. Bxe7 Nxe7 18. Qc5 Rd8 19. Nf3 Ng6 20.
Rfd1 Qb7 21. Rac1 Rxd1 22. Rxd1 Rc8 23. Rc1 h6 24. h4 c6 25. Qd6 a5 26. Rc5 Nf8 27. Rc1 Nd7 28. Rd1 Rc7 29.
Qe7 Nf8 30. Qc5 Nd7 31. Qe3 c5 32. g4 c4 33. g5 h5 34. g6 Nf8 35. gxf7+ Rxf7 36. Kg3 Rd7 37. Rd6 Rxd6 38. exd6 Qd5 39.
Qb6 b4 40. Qc7 c3 41. bxc3 bxc3 42. Ng5 Qe5+ 43. Kg2 Qf6 44. d7 c2 45. Qxc2 Nxd7 46. Qh7+ Kf8 47. Qxh5 Ke7 48. Ne4 Qd4 49. Qg5+ Kf7 50.
Qf4+ Ke7 51. Kg3 a4 52. h5 a3 53. Qg5+ Kf7 54. Qg6+ Ke7 55. e3 Qe5+ 56. f4 Qa1 57. Qg5+ Kf7 58.
Nd6+ Kg8 59. Qd8+ Nf8 60. Qe7 Qg1+ 61. Kf3 Qh1+ 62. Kg4 Qg2+ 63. Kh4 Qh2+ 64. Kg4 Qg2+ 65. Kh4 1/2-1/2

[Event "The Kvibergspelen 2023"]
[Site "Kviberg Park Hotel & Conference, Krutvagen 2, Gothenburg, Sweden"]
[Date "2023.09.16"]
[Round "6.15"]
[White "Jarlskov, Daniel Tuk Hartso"]
[Black "Ljung, Harald"]
[Result "1/2-1/2"]
[TimeControl "15 minutes + 5 seconds per move from move one (Round 1 - 4) / 90 minutes + 30 seconds per move from move one (Round 5 - 8)"]
[WhiteFideId "1463896"]
[BlackFideId "1738178"]
[WhiteElo "2038"]
[BlackElo "2164"]

1. d4 Nf6 2. c4 e6 3. Nf3 d5 4. g3 Be7 5. Bg2 O-O 6. O-O c6 7. Nc3 Nbd7 8. b3 b6 9. Bb2 Bb7 10.
Re1 Rc8 11. Ne5 Nxe5 12. dxe5 Nd7 13. cxd5 cxd5 14. e4 Bb4 15. Rc1 dxe4 16. Bxe4 Bxe4 17. Rxe4 Bxc3 18. Rxc3 Rxc3 19. Bxc3 Nc5 20.
Rd4 Qc7 21. Qd2 h6 22. Bb2 Rc8 23. h4 Qb7 24. Ba3 Rc7 25. h5 Nd7 26. Bd6 Rc8 27. Qe3 b5 28. Rd1 Nb6 29. Rc1 Rc6 30.
Rc5 Nd5 31. Qc1 Rxc5 32. Qxc5 a6 33. Kf1 Kh7 34. Qc2+ Kg8 35. Qc5 Kh7 36. Qc2+ Kg8 37. Qc5 1/2-1/2

[Event "The Kvibergspelen 2023"]
[Site "Kviberg Park Hotel & Conference, Krutvagen 2, Gothenburg, Sweden"]
[Date "2023.09.16"]
[Round "6.16"]
[White "Galvan Cipriani, Viviana"]
[Black "Grahn, Vidar"]
[Result "1-0"]
[TimeControl "15 minutes + 5 seconds per move from move one (Round 1 - 4) / 90 minutes + 30 seconds per move from move one (Round 5 - 8)"]
[WhiteTitle "WFM"]
[WhiteFideId "32041144"]
[BlackFideId "1744780"]
[WhiteElo "2010"]
[BlackElo "2139"]

1. c4 c5 2. Nc3 Nc6 3. g3 g6 4. Bg2 Bg7 5. e3 e5 6. Nge2 Nge7 7. b3 d6 8. Bb2 O-O 9. O-O Bf5 10.
a3 a5 11. Ra2 Qd7 12. Re1 Bg4 13. Na4 Rae8 14. f3 Bh3 15. Nb6 Qd8 16. Bxh3 Qxb6 17. Nc3 f5 18. Nb5 Na7 19. Nxa7 Qxa7 20.
f4 Nc6 21. Bg2 e4 22. d3 a4 23. bxa4 exd3 24. Qxd3 Qxa4 25. Qxd6 Qb3 26. Bd5+ Kh8 27. Bxg7+ Kxg7 28. Rae2 Qxa3 29.
Rb1 Qd3 30. Rxb7+ Kh8 31. Rxh7+ Kxh7 32. Bg8+ Kxg8 33. Qxd3 Rd8 34. Qa3 Rd1+ 35. Kg2 Re8 36. Qxc5 Nd4 37. Qd5+ Kg7 38. Qd7+ Kf8 39.
Ra2 Nc2 40. Qh7 Nxe3+ 41. Kh3 Re7 42. Ra8+ 1-0

[Event "The Kvibergspelen 2023"]
[Site "Kviberg Park Hotel & Conference, Krutvagen 2, Gothenburg, Sweden"]
[Date "2023.09.16"]
[Round "6.17"]
[White "Hamark, Jesper"]
[Black "Nilsson, Oliver"]
[Result "1-0"]
[TimeControl "15 minutes + 5 seconds per move from move one (Round 1 - 4) / 90 minutes + 30 seconds per move from move one (Round 5 - 8)"]
[WhiteFideId "1704338"]
[BlackFideId "1730177"]
[WhiteElo "2342"]
[BlackElo "1924"]

1. e4 e5 2. d4 exd4 3. Nf3 Nc6 4. Bc4 Nf6 5. e5 Ne4 6. Qe2 Nc5 7. O-O Be7 8. c3 d3 9. Qe3 O-O 10.
b4 Ne6 11. Rd1 d6 12. Rxd3 Bd7 13. Na3 Nxe5 14. Nxe5 dxe5 15. Bxe6 fxe6 16. Nc4 Bg5 17. Qe1 Bf6 18. Nxe5 Bxe5 19.
Qxe5 Rf5 20. Qg3 Rc8 21. Bh6 Rf7 22. Rad1 Qe8 23. Bf4 c5 24. bxc5 Rxc5 25. Be5 Rd5 26. h4 Bc6 27. f3 Qe7 28.
Rxd5 Bxd5 29. Rd4 b5 30. a4 a6 31. axb5 axb5 32. Kh2 Qb7 33. Rg4 Qd7 34. Bd4 Qc7 35. Be5 Qd7 36. Rg5 Qb7 37.
h5 h6 38. Rg6 Kf8 39. Qg4 Qe7 40. Kh3 Qd7 41. Qd4 Kg8 42. Qh4 Qe7 43. Qg3 Qb7 44. Kh2 Kf8 45. Bd6+ Ke8 46. Rxh6 gxh6 47.
Qg8+ Kd7 48. Qxf7+ Kxd6 49. Qf4+ Kc6 50. Qxh6 Qc7+ 51. Kg1 Qg3 52. Qe3 Qg7 53. g4 Qc7 54. Kg2 Qg7 55. Kg3 Qc7+ 56.
Kh3 Qf7 57. Kg2 Qh7 58. h6 Qg6 59. Kg3 Qf7 60. Qf4 Qg6 61. Kh4 e5 62. Qg5 Qc2 63. Qf6+ Kd7 64. Qxe5 Qf2+ 65. Kg5 Qxf3 66.
h7 Be6 67. Qd4+ Ke7 68. h8=Q 1-0

[Event "The Kvibergspelen 2023"]
[Site "Kviberg Park Hotel & Conference, Krutvagen 2, Gothenburg, Sweden"]
[Date "2023.09.16"]
[Round "6.18"]
[White "Strom-Engdahl, Alexander"]
[Black "Havner, Arvid"]
[Result "1-0"]
[TimeControl "15 minutes + 5 seconds per move from move one (Round 1 - 4) / 90 minutes + 30 seconds per move from move one (Round 5 - 8)"]
[WhiteFideId "1741586"]
[BlackFideId "1769308"]
[WhiteElo "2164"]
[BlackElo "1876"]

1. e4 c5 2. Nf3 d6 3. Bb5+ Bd7 4. Bxd7+ Nxd7 5. O-O Ngf6 6. Qe2 e6 7. c3 Be7 8. d4 O-O 9. Rd1 Qc7 10.
Bg5 Rfd8 11. a4 Rac8 12.
Na3 a6 13. e5 dxe5 14. dxe5 Nd5 15. Rxd5 exd5 16. Bxe7 Re8 17.
Bh4 Nxe5 18. Nxe5 Qxe5 19. Qxe5 Rxe5 20. Kf1 Re4 21. Bg5 f6 22. Be3 Rxa4 23. Rd1 d4 24. cxd4 cxd4 25. Rxd4 Rxd4 26.
Bxd4 b5 27. Bc3 Re8 28. Nc2 Kf7 29. Nd4 Rd8 30. b4 Rc8 31. Be1 Rc4 32. Nf5 Rc2 33. h4 g6 34. Ne3 Rb2 35. Bc3 Rb3 36.
Bd2 Rd3 37. Ke2 Rd4 38. g3 Ke6 39. Nc2 Rd7 40. Ne3 Rd4 41. Bc3 Rd7 42. Nc2 f5 43. Bd4 Rf7 44. Kd3 Kd5 45. Ne3+ Kc6 46.
Ng2 Rd7 47. Nf4 Rd8 48. h5 g5 49. Ne6 Rd6 50. Nxg5 Rh6 51. Be3 Kd5 52. Nh3 Rd6 53. Bd4 Rc6 54. Nf4+ Kd6 55. Ng2 Rc4 56.
Bc3 Ke7 57. Ne3 Rc6 58. Nxf5+ Ke6 59. Nd4+ 1-0

[Event "The Kvibergspelen 2023"]
[Site "Kviberg Park Hotel & Conference, Krutvagen 2, Gothenburg, Sweden"]
[Date "2023.09.16"]
[Round "6.19"]
[White "Lundberg, Roland"]
[Black "Nordenbaek, Jan"]
[Result "0-1"]
[TimeControl "15 minutes + 5 seconds per move from move one (Round 1 - 4) / 90 minutes + 30 seconds per move from move one (Round 5 - 8)"]
[WhiteFideId "1710656"]
[BlackFideId "1401475"]
[WhiteElo "1930"]
[BlackElo "2163"]

1. Nf3 Nf6 2. g3 g6 3. Bg2 Bg7 4. c4 O-O 5. O-O c6 6. d3 d5 7. Nbd2 a5 8. Rb1 dxc4 9. Nxc4 Nd5 10.
a3 b5 11. Ne3 e6 12. Bd2 Bb7 13. Qc1 Re8 14. Rd1 Nd7 15. d4 Rc8 16. Ng4 c5 17. Bh6 cxd4 18.
Qd2 f5 19. Bg5 Qb6 20. Nh6+ Bxh6 21. Bxh6 e5 22. Nh4 Nc5 23. b4 axb4 24. Bxd5+ Bxd5 25. Rxb4 Bc4 26. Qb2 Na6 27. e3 Nxb4 28. axb4 d3 29. Nf3 Qe6 30. Ra1 Ra8 31. Ra5 Bd5 32. Ng5 Qc6 33. Qa1 d2 0-1

[Event "The Kvibergspelen 2023"]
[Site "Kviberg Park Hotel & Conference, Krutvagen 2, Gothenburg, Sweden"]
[Date "2023.09.16"]
[Round "6.20"]
[White "Kashwan, Hassan"]
[Black "Holm, Ragnar"]
[Result "1/2-1/2"]
[TimeControl "15 minutes + 5 seconds per move from move one (Round 1 - 4) / 90 minutes + 30 seconds per move from move one (Round 5 - 8)"]
[WhiteFideId "137122555"]
[BlackFideId "1505858"]
[WhiteElo "1901"]
[BlackElo "2128"]

1. d4 d5 2. Nf3 Nf6 3. c4 e6 4. Nc3 c6 5. Bg5 dxc4 6. e3 b5 7. a4 Bb4 8. Nd2 Bb7 9. Qf3 Qa5 10.
Bxf6 gxf6 11. Qxf6 Rg8 12. Be2 Nd7 13. Qh4 Bxc3 14. bxc3 Qxc3 15. Rd1 c5 16. axb5 cxd4 17. Qxd4 Qxd4 18.
exd4 Nb6 19. Bf3 Bxf3 20. gxf3 Ke7 21. Ne4 Nd5 22. Ra1 Rgb8 23. O-O Rxb5 24. Rfc1 Rb4 25. Ra6 c3 26. Nxc3 Nxc3 27.
Rxc3 Rxd4 28. Kf1 Rd6 29. Rc7+ Rd7 30. Rc4 Rb8 31. Rca4 Rbb7 32. Rh4 Rb2 33. Rxh7 Kf6 34. f4 Kg6 35.
Rh3 Rb4 36. Rf3 Kf5 37. Ra5+ Kf6 38. Kg2 Rbb7 39. h4 Rd8 40. f5 Rh8 41. fxe6+ Kxe6 42. h5 Rc7 43. Ra6+ Ke7 44. h6 Rd7 45. Raf6 Rh7 46. Ra6 Rh8 47. Re3+ Kd8 48. Kg3 Kc8 49.
Rc6+ Kb7 50. Rf6 Rc7 51. Rb3+ Kc8 52. f4 Rh7 53. Kg4 Kd8 54. Re3 Rc5 55. Re5 Rc1 56. Rg5 Rg1+ 57. Kf5 Rh1 58.
Ra6 R1xh6 59. Rg8+ Ke7 60. Rxa7+ Kd6 61. Rd8+ Kc6 62. Ra6+ Kc7 63. Rxh6 Rxh6 64. Rd3 Re6 65. Kg5 Rg6+ 66.
Kf5 Re6 67. Rd5 Rh6 68. Kg5 Rg6+ 69. Kh5 Rg1 70. Rf5 Kd6 71. Rxf7 Ke6 72. Rf8 Ke7 73. Rf5 Ke6 74. Ra5 Kf6 75.
Ra6+ Kf5 1/2-1/2

[Event "The Kvibergspelen 2023"]
[Site "Kviberg Park Hotel & Conference, Krutvagen 2, Gothenburg, Sweden"]
[Date "2023.09.17"]
[Round "7.1"]
[White "Seo, Jung Min"]
[Black "Larkin, Vladyslav"]
[Result "1/2-1/2"]
[TimeControl "15 minutes + 5 seconds per move from move one (Round 1 - 4) / 90 minutes + 30 seconds per move from move one (Round 5 - 8)"]
[WhiteTitle "IM"]
[BlackTitle "IM"]
[WhiteFideId "1734687"]
[BlackFideId "14152894"]
[WhiteElo "2462"]
[BlackElo "2464"]

1. d4 d6 2. e4 Nf6 3. Nc3 c6 4. Nf3 Bg4 5. h3 Bh5 6. g4 Bg6 7. Bd3 e6 8. g5 Nfd7 9. Nh4 d5 10.
Nxg6 hxg6 11. Ne2 Be7 12. f4 Nb6 13. c3 dxe4 14. Bxe4 Nc4 15. Qd3 Nd6 16. Bg2 Qb6 17. b3 a5 18.
Be3 Nf5 19. Bf2 Qa6 20. Qd1 Nd7 21. O-O Nb6 22. c4 a4 23. Rb1 O-O 24. Qc2 axb3 25. axb3 Bb4 26. Rfd1 Rfc8 27. Nc1 Rd8 28.
Nd3 Qa5 29. Nxb4 Qxb4 30. Qd2 Qxd2 31. Rxd2 Ra6 32. Rbd1 Ne7 33. Bf1 Nbc8 34. Bg2 Kh7 35. Bf1 Ra3 36. Rd3 Nf5 37. Bg2 Nce7 38.
Be1 Ra2 39. Bb4 Nh4 40. Be4 Nef5 41. Kf1 Rda8 42. Be1 Rb2 43. Bxh4 Nxh4 44. R1d2 Ra1+ 45. Kf2 Rbb1 46. d5 cxd5 47.
cxd5 Rf1+ 48. Kg3 exd5 49. Bxd5 Nf5+ 50. Kh2 Rae1 51. Bxb7 Ne3 52. Kg3 Nf5+ 53. Kh2 Rxf4 54. Rf3 Rb4 55.
Bd5 Ne3 56. Bc4 Rb7 57. Rf4 Nf5 58. h4 Ne3 59. Rdf2 f5 60. gxf6 gxf6 61. Re2 Rxe2+ 62. Bxe2 Rxb3 63. Kg1 f5 64.
Kf2 Kh6 65. Rd4 Nc2 66. Rd2 Nb4 67. Rd6 Rh3 68. h5 Rxh5 69. Bxh5 Kxh5 70. Kg3 g5 71. Rf6 1/2-1/2

[Event "The Kvibergspelen 2023"]
[Site "Kviberg Park Hotel & Conference, Krutvagen 2, Gothenburg, Sweden"]
[Date "2023.09.17"]
[Round "7.2"]
[White "Olsson, William"]
[Black "Golubka, Petro"]
[Result "1/2-1/2"]
[TimeControl "15 minutes + 5 seconds per move from move one (Round 1 - 4) / 90 minutes + 30 seconds per move from move one (Round 5 - 8)"]
[WhiteTitle "FM"]
[BlackTitle "GM"]
[WhiteFideId "1741721"]
[BlackFideId "14114224"]
[WhiteElo "2376"]
[BlackElo "2439"]

1. c4 e6 2. g3 d5 3. Bg2 Nf6 4. Nf3 Be7 5. O-O O-O 6. d4 c6 7. Qc2 b6 8. Rd1 Bb7 9. Bf4 Nh5 10. Bc1 f5 11. Nbd2 Nd7 12. Ne1 Bd6 13. Nd3 Qe7 14.
Nf3 Rac8 15. Nfe5 c5 16. Nxd7 Qxd7 17. dxc5 Bxc5 18. Nxc5 Rxc5 19. b3 Rfc8 20. Be3 R5c7 21. Qb2 Nf6 22.
Bf4 Rc5 23. Be3 R5c7 24. Bg5 Ne4 25. Bf4 Rc5 26. Be3 R5c7 27. Bf4 Rc5 28. Be3 R5c7 1/2-1/2

[Event "The Kvibergspelen 2023"]
[Site "Kviberg Park Hotel & Conference, Krutvagen 2, Gothenburg, Sweden"]
[Date "2023.09.17"]
[Round "7.3"]
[White "Jacobsen, Mikkel Manosri"]
[Black "Sivuk, Vitaly"]
[Result "0-1"]
[TimeControl "15 minutes + 5 seconds per move from move one (Round 1 - 4) / 90 minutes + 30 seconds per move from move one (Round 5 - 8)"]
[WhiteTitle "FM"]
[BlackTitle "GM"]
[WhiteFideId "1444514"]
[BlackFideId "14116502"]
[WhiteElo "2313"]
[BlackElo "2461"]

1. c4 Nf6 2. g3 g6 3. Bg2 Bg7 4. Nc3 O-O 5. Nf3 c5 6. d4 d5 7. dxc5 Qa5 8. cxd5 Nxd5 9. Qxd5 Bxc3+ 10. Bd2 Rd8 11. Bxc3 Qxc3+ 12. bxc3 Rxd5 13. c6 Nxc6 14. Nd4 Rc5 15. Nxc6 bxc6 16. Kd2 Bf5 17. e4 Be6 18. Kc2 Rb8 19.
Rhb1 Rxb1 20. Kxb1 Rxc3 21. Kb2 Rd3 22. Kc2 Rd4 23. Kc3 Rc4+ 24. Kd2 Rb4 25. Kc3 c5 26. f3 a5 27. Bf1 a4 28.
Bd3 a3 29. f4 Rb2 30. f5 Bxa2 31. Bc2 Kg7 32. h4 gxf5 33. exf5 h5 34. Rd1 Kf6 35. Rd7 Bb1 36. Bxb1 Rxb1 37.
Ra7 Rg1 38. Kd4 Ke5+ 0-1

[Event "The Kvibergspelen 2023"]
[Site "Kviberg Park Hotel & Conference, Krutvagen 2, Gothenburg, Sweden"]
[Date "2023.09.17"]
[Round "7.4"]
[White "Kistrup, Nicolai"]
[Black "Poley, Vladimir"]
[Result "1-0"]
[TimeControl "15 minutes + 5 seconds per move from move one (Round 1 - 4) / 90 minutes + 30 seconds per move from move one (Round 5 - 8)"]
[WhiteTitle "FM"]
[BlackTitle "IM"]
[WhiteFideId "1444816"]
[BlackFideId "13500090"]
[WhiteElo "2359"]
[BlackElo "2284"]

1. d4 g6 2. e4 Bg7 3. Nc3 c6 4. h3 d5 5. e5 Nh6 6. g4 f6 7. f4 fxe5 8. dxe5 g5 9. Nf3 Nf7 10.
Qe2 d4 11. Ne4 gxf4 12. Bxf4 Qa5+ 13. Bd2 Qc7 14. Nxd4 Bxe5 15. Bc3 b5 16. O-O-O a5 17. Nc5 Qb6 18. Nde6 Bxc3 19. bxc3 Na6 20.
Ng7+ Kf8 21. Nce6+ Bxe6 22. Nxe6+ Ke8 23. Bg2 Rc8 24. Rhf1 c5 25. Rxf7 Kxf7 26. Qf2+ 1-0